 Dungeon Crawl Stone Soup version 0.17-a0-1976-g482a304 (webtiles) character file.

624010 Maka the Invulnerable (level 27, 53/199 HPs)
             Began as a Gargoyle Berserker on Jan 13, 2015.
             Was the Champion of Trog.
             Starved to death
             ... while paralysed
             ... on level 4 of the Realm of Zot on Oct 5, 2015.
             The game lasted 04:33:39 (64833 turns).

Maka the Invulnerable (Gargoyle Berserker)         Turns: 64833, Time: 04:33:39

Health: 53/199     AC: 73    Str: 23    XL:     27
Magic:  7/23       EV:  2    Int: 16    God:    Trog [******]
Gold:   3487       SH:  0    Dex: 21    Spells: 0 memorised, 26 levels left

rFire  + . .     SeeInvis +     a - +6 great mace (freeze)
rCold  + . .     Clarity  +     B - +8 orange crystal plate armour {Archmagi, Int+3 Clar SustAt}
rNeg   + + .     SustAt   +     (no shield)
rPois  ∞         Gourm    .     L - +2 hat {SInv}
rElec  +         Spirit   .     O - +2 cloak of Starlight {rElec rC+ EV+4 Stlth--}
rCorr  .         Warding  .     E - +1 pair of gloves of the Boiling Point {Regen+ Dex+3}
rMut   .         Stasis   .     z - +2 pair of boots
MR     +++++                    C - amulet of regeneration
Stlth  ..........               W - ring of protection from fire
                                R - ring of the Meadowlark {rPois rN+ MR+++ Int+3 Stlth+}

@: paralysed, flying, fainting, regenerating, almost entirely resistant to
hostile enchantments, extremely unstealthy
A: big wings, blurry vision 1, negative energy resistance 1, electricity
resistance, unbreathing, petrification resistance, rot immunity, MP-powered
wands, AC +20
a: Stop Flying, Burn Spellbooks, Berserk, Trog's Hand, Brothers in Arms,
Renounce Religion
}: 3/15 runes: decaying, serpentine, silver


You were on level 4 of the Realm of Zot.
You worshipped Trog.
Trog was exalted by your worship.
You were fainting.

You visited 10 branches of the dungeon, and saw 57 of its levels.
You visited the Abyss 2 times.
You also visited: Labyrinth, Sewer, Bailey and Volcano.

You collected 8989 gold pieces.
You spent 5502 gold pieces at shops.

Inventory:

Hand Weapons
 a - a +6 great mace of freezing (weapon)
 b - a +6 great mace of holy wrath
 c - a +2 antimagic great mace
Armour
 z - a +2 pair of boots (worn)
 B - the +8 orange crystal plate armour (worn) {Archmagi, Int+3 Clar SustAt}
   (You acquired it on level 4 of the Snake Pit)

   It affects your intelligence (+3).
   It sustains your strength, intelligence and dexterity.
   It protects you against confusion.
 E - the +1 pair of gloves of the Boiling Point (worn) {Regen+ Dex+3}
   (You found it on level 4 of the Snake Pit)

   It affects your dexterity (+3).
   It increases your rate of regeneration.
 L - a +2 hat of see invisible (worn)
 O - the +2 cloak of Starlight (worn) {rElec rC+ EV+4 Stlth--}
   (You found it on level 5 of the Vaults)

   It affects your evasion (+4).
   It protects you from cold.
   It insulates you from electricity.
   It makes you much less stealthy.
 S - a +1 helmet of intelligence
Jewellery
 d - an uncursed ring of see invisible
 n - an uncursed amulet of resist corrosion
 s - an uncursed ring of fire
 C - an amulet of regeneration (around neck)
 F - an uncursed ring of protection from cold
 G - an uncursed amulet of guardian spirit
 M - an uncursed amulet of resist mutation
 R - the ring of the Meadowlark (left hand) {rPois rN+ MR+++ Int+3 Stlth+}
   (You bought it in a shop on level 4 of the Vaults)

   [ring of intelligence]

   It affects your intelligence (+3).
   It protects you from poison.
   It protects you from negative energy.
   It affects your resistance to hostile enchantments.
   It makes you more stealthy.
 W - a ring of protection from fire (right hand)
Wands
 g - a wand of cold (8)
 m - a wand of digging (3)
 r - a wand of digging (13)
 J - a wand of digging (15)
 K - a wand of teleportation (4)
 Y - a wand of hasting (4)
 Z - a wand of teleportation (7)
Scrolls
 h - 12 scrolls of fear
 i - 28 scrolls of remove curse
 j - 11 scrolls of recharging
 k - 3 scrolls of enchant weapon
 l - 26 scrolls of teleportation
 q - 8 scrolls of blinking
 v - 5 scrolls of fog
 y - 6 scrolls of magic mapping
 I - 14 scrolls of enchant armour
 N - 5 scrolls of summoning
 Q - 15 scrolls of identify
Potions
 e - 30 potions of curing
 o - 4 potions of invisibility
 p - 5 potions of might
 t - 5 potions of agility
 w - 3 potions of magic
 x - 9 potions of resistance
 A - 3 potions of restore abilities
 D - 3 potions of cancellation
 T - 3 potions of cure mutation
 U - 10 potions of heal wounds
 X - 5 potions of haste
Comestibles
 f - 12 meat rations
 P - 19 bread rations


   Skills:
 O Level 27 Fighting
 - Level 23.0 Maces & Flails
 O Level 27 Armour
 + Level 17.8 Dodging


You had 26 spell levels left.
You didn't know any spells.

Dungeon Overview and Level Annotations

Branches:
Dungeon (15/15)            Temple (0/1) D:4            Lair (8/8) D:11
  Swamp (5/5) Lair:5        Snake (5/5) Lair:5        Slime (0/6) Lair:7
    Orc (4/4) D:9             Elf (3/3) Orc:3        Vaults (5/5) D:14
  Crypt (3/3) Vaults:2       Tomb (0/3) Crypt:3      Depths (5/5) D:15
    Zot (4/5) Depths:5

Altars:
Dithmenos
Fedhas
Kikubaaqudgha
Makhleb
Okawaru
Sif Muna
Vehumet
Xom
Yredelemnul

Shops:
D:6 ?%!(:   D:9 [([!   Orc:4 *([:   Elf:2 =*?(=   Snake:4 }   Vaults:2 =(=!
Vaults:3 %   Vaults:4 =

Portals:
Hell: Depths:1 Depths:2 Depths:3 Depths:4 Depths:5
Abyss: Depths:4
Pandemonium: Depths:2 Depths:3 Depths:4
Ziggurat: Depths:4

Annotations:
D:10 exclusion: downstairs
D:14 exclusion: Roxanne, Roxanne
Lair:5 exclusion: oklob plant


Innate Abilities, Weirdness & Mutations

You are resistant to torment.
Your stone body is resilient (AC +20).
You are immune to poison.
Your large and strong wings let you fly indefinitely.
You resist negative energy.
You are resistant to electric shocks.
You can survive without breathing.
You are immune to petrification.
You are immune to rotting.
Scrolls take you a little longer to read.
You expend magic power (3 MP) to strengthen your wands.


Message History

The green draconian hits you but does no damage.
The green draconian tail-slaps you but does no damage.
The death cob completely misses you.
You lose consciousness!
The death cob hits you!
You feel slightly more hungry. The death cob hits you.
You feel slightly more hungry. The death cob hits you.
You feel slightly more hungry.
The green draconian hits you but does no damage.
The green draconian tail-slaps you!
* * * LOW HITPOINT WARNING * * *
The death cob hits you.
You feel slightly more hungry.
The green draconian hits you but does no damage.
The green draconian tail-slaps you but does no damage.
The death cob hits you. x2
The green draconian hits you with a halberd of protection!
* * * LOW HITPOINT WARNING * * *
The green draconian tail-slaps you but does no damage.
The death cob hits you.
You have starved to death.
You die...

.. #..##.# .. #..>#.# #.##
#.....# #..# #.....# #..#
#.....# #..# #<....#
#..#####....#
##....y##....# .
##.....Dz@....# ..
##.......d...>...# ...
##.......z.........#
....##....†..§............
#.........#†§.............
#....?...###..............
##.....### #.............
#....## #............
##### #§.....


You could see a storm dragon (berserk), a curse toe, a green draconian
(berserk), a death cob and a moth of wrath.

Vanquished Creatures
  3 orbs of fire
  An ancient lich (Crypt:3)
  A greater mummy (Crypt:3)
  Vashnia (Snake:5)
  A curse toe (Zot:3)
  5 caustic shrikes (Depths:5)
  A Killer Klown (Zot:2)
  9 golden dragons
  5 bone dragons
  An electric golem (Zot:1)
  Jorgrun (Snake:4)
  5 liches
  8 tentacled monstrosities
  3 titans
  2 deep elf blademasters (Elf:3)
  3 quicksilver dragons
  4 deep elf master archers (Elf:3)
  An Executioner (Abyss:1)
  5 sphinxes
  An octopode crusher (Depths:4)
  9 tengu reavers
  3 thorn hunters
  2 ancient champions
  7 shadow dragons
  4 death cobs
  The ghost of SkyBlueFox the Blocker, an experienced TeCj of Vehumet (Depths:2)
  Kirke (D:15)
  A storm dragon (shapeshifter) (Depths:2)
  8 storm dragons
  6 greater nagas
  2 revenants (Crypt:1)
  5 draconian monks
  3 draconian knights
  4 iron dragons
  4 deep elf sorcerers
  11 fire giants
  9 frost giants
  3 draconian scorchers
  A caustic shrike zombie (Depths:4)
  Aizul (Swamp:3)
  Louise (Snake:2)
  2 orc warlords
  2 ghost moths
  4 curse skulls
  3 draconian zealots (Zot:1)
  16 ironheart preservers
  18 vault wardens
  2 spriggan defenders (Depths:4)
  5 ghouls
  2 draconian annihilators
  12 stone giants
  A draconian shifter (Zot:1)
  3 reapers
  2 caustic shrike skeletons (Depths:4)
  11 very ugly things
  2 juggernaut skeletons (Depths:4)
  2 black draconians
  5 war gargoyles
  3 vampire knights
  2 draconian callers (Depths:5)
  4 green draconians (Zot:2)
  4 purple draconians
  7 deep elf demonologists
  12 deep elf annihilators
  Azrael (D:15)
  The ghost of BluebellGnoll the Unseen, a powerful SpEn of Nemelex Xobeh (Swamp:3)
  A salamander stormcaller (Vaults:5)
  4 mottled draconians
  6 yellow draconians
  5 red draconians
  6 white draconians
  2 merfolk javelineers
  Snorg (Orc:2)
  11 eidola (Crypt:3)
  A crystal guardian (Vaults:4)
  A minotaur (Lab)
  19 yaktaur captains
  13 deep elf death magi
  A green death (Depths:3)
  16 fire dragons
  15 ettins
  35 vault guards
  11 deep elf high priests
  6 jiangshi
  A quicksilver dragon zombie (Depths:4)
  11 hydras
  Fannar (Orc:2)
  7 great orbs of eyes
  3 entropy weavers
  A quicksilver dragon skeleton (Depths:4)
  21 ice dragons
  12 naga warriors
  7 spriggan air magi
  6 rakshasas
  A death knight (Crypt:2)
  12 anacondas
  An alligator (shapeshifter) (Vaults:5)
  9 alligators
  2 ghost crabs (Swamp:2)
  14 dancing weapons
  5 deep troll shamans
  16 centaur warriors
  7 tengu warriors
  2 orc high priests
  6 shock serpents
  14 naga sharpshooters
  7 spriggan berserkers
  13 ogre magi
  A titan zombie (Crypt:1)
  10 deep troll earth magi
  19 deep elf knights
  A spriggan rider (Swamp:4)
  8 spriggans
  2 storm dragon zombies
  3 titan skeletons
  4 soul eaters
  2 sun demons (Depths:4)
  A wretched star (Abyss:1)
  8 salamander mystics
  29 skeletal warriors
  A fire crab (Vaults:4)
  7 hell knights
  A death drake (shapeshifter) (Vaults:4)
  2 ice devils
  3 flayed ghosts
  A shadow wraith (Vaults:4)
  An unseen horror (D:15)
  A storm dragon skeleton (Depths:4)
  25 deep trolls
  A spriggan druid (Swamp:4)
  2 swamp dragons
  A shambling mangrove (Swamp:4)
  A deep troll (shapeshifter) (Vaults:1)
  7 deep elf summoners
  7 hill giants
  17 necromancers
  2 spectral hydras (Swamp:5)
  5 naga ritualists
  An infernal demonspawn (Depths:4)
  5 lindwurms
  3 golden dragon skeletons
  6 orc sorcerers
  21 deep elf conjurers
  An oklob plant (Swamp:5)
  8 cyclopes
  6 giant orange brains
  A tengu zombie (Vaults:4)
  60 ugly things
  17 orc knights
  3 wolf spider zombies
  8 mana vipers
  2 shadow dragon skeletons
  A hornet (shapeshifter) (Vaults:1)
  18 phantasmal warriors
  6 tengu skeletons (Depths:4)
  A manticore (D:14)
  A draconian (shapeshifter) (Vaults:2)
  4 wizards
  13 moths of wrath
  An iron dragon zombie (Crypt:2)
  12 ironbrand convokers
  4 wolf spiders
  A sphinx skeleton (Depths:4)
  4 hornets
  A stone giant zombie (Crypt:3)
  The ghost of haldagan the Shield-Bearer, an experienced OpFi (D:6)
  7 guardian serpents
  23 salamanders
  5 griffons
  16 vault sentinels
  44 black mambas
  10 fire giant skeletons
  3 harpies (Vaults:3)
  4 iron dragon skeletons
  2 stone giant skeletons (Crypt:1)
  A griffon (shapeshifter) (Vaults:5)
  A rust devil (Depths:3)
  A shock serpent zombie (Crypt:2)
  A frost giant skeleton (Depths:4)
  A sixfirhy (Orc:4)
  13 elephants
  A black mamba (shapeshifter) (Vaults:1)
  16 naga magi
  3 eyes of devastation
  A molten gargoyle (Depths:1)
  12 spiny frogs
  6 torpor snails
  2 gargoyles
  2 spiny frogs (shapeshifter)
  2 smoke demons
  A golden dragon simulacrum (Crypt:1)
  15 hellwings
  2 fire drakes
  5 swamp worm zombies (Swamp:5)
  14 komodo dragons
  A redback zombie (D:12)
  A storm dragon simulacrum (Crypt:1)
  49 yaktaurs
  7 deep elf priests
  A demonic crawler (Abyss:1)
  3 guardian mummies
  An elf skeleton (Depths:4)
  5 hydra zombies
  13 freezing wraiths
  A tengu conjurer (Depths:4)
  A tormentor (Depths:4)
  2 jumping spiders (Crypt:3)
  5 large abominations
  7 giant leeches
  A polar bear (Lair:4)
  11 two-headed ogres
  A harpy skeleton (Crypt:3)
  A tengu simulacrum (Vaults:2)
  5 trolls
  8 small abominations
  29 slime creatures
  A hydra skeleton (Crypt:1)
  A removed MONS_BABY_ALLIGATOR (shapeshifter) (Vaults:2)
  A guardian serpent zombie (Crypt:1)
  6 removed MONS_BABY_ALLIGATORs
  3 spectral swamp dragons (Swamp:5)
  23 blink frogs
  17 bog bodies
  4 harpy zombies
  6 removed MONS_RAVENs
  A raiju (shapeshifter) (D:14)
  3 ettin zombies
  A trapdoor spider (shapeshifter) (Vaults:2)
  20 flying skulls
  A centaur simulacrum (D:13)
  2 fire dragon zombies (Crypt:3)
  2 alligator zombies (Swamp:5)
  2 basilisks (Lair:8)
  11 boulder beetles
  36 yaks
  10 wraiths
  9 water elementals
  2 ice dragon skeletons
  13 air elementals
  2 redbacks (shapeshifter)
  2 wyverns
  18 deep elf magi
  A yak (shapeshifter) (Vaults:3)
  An ettin skeleton (Crypt:3)
  A black mamba skeleton (Crypt:3)
  A golden eye (shapeshifter) (Vaults:4)
  28 deep elf fighters
  6 hogs
  A human (shapeshifter) (Vaults:2)
  2 vampires
  11 hippogriffs
  A hill giant zombie (D:9)
  20 vampire mosquitoes
  3 steam dragons (Lair:8)
  A wind drake zombie (Crypt:1)
  7 fire elementals
  5 hungry ghosts
  4 shadows
  11 redbacks
  8 humans (D:7)
  A redback simulacrum (D:14)
  15 wolves
  3 golden eyes
  A gelid demonspawn zombie (Crypt:3)
  3 mottled dragons
  2 neqoxecs
  11 wargs
  33 insubstantial wisps
  45 water moccasins
  2 soldier ants
  A torturous demonspawn zombie (Crypt:1)
  26 swamp worms
  6 necrophages
  9 porcupines
  A monstrous demonspawn skeleton (Crypt:1)
  8 spiders (D:13)
  2 hell hounds (D:15)
  A black bear (Lair:4)
  A deep troll skeleton (Crypt:1)
  8 phantoms
  47 nagas
  A spiny frog skeleton (Crypt:2)
  A torturous demonspawn skeleton (Abyss:1)
  9 ice beasts
  56 orc warriors
  5 swamp dragon zombies
  8 swamp drakes
  A blink frog zombie (Crypt:2)
  An eye of draining (D:12)
  47 ogres
  10 wasps
  2 removed MONS_BORING_BEETLEs
  3 sky beasts
  8 boggarts
  35 centaurs
  24 crocodiles
  2 elf zombies
  12 giant frogs
  5 brain worms
  A glowing shapeshifter simulacrum (Vaults:2)
  2 earth elementals (Volcano)
  3 gnoll sergeants (D:8)
  2 big kobolds
  2 wyvern skeletons (Crypt:3)
  13 killer bees
  3 scorpions
  A warg skeleton (Crypt:2)
  3 troll zombies
  An orc simulacrum (Vaults:2)
  5 wights (D:8)
  4 electric eels
  5 crimson imps
  A beetle (D:8)
  A yaktaur simulacrum (Vaults:1)
  3 centaur zombies
  6 human zombies
  5 starcursed masses
  23 hounds
  9 worker ants
  11 jellies
  A black bear zombie (Crypt:2)
  20 orc priests
  5 quasits
  5 centaur skeletons
  3 giant frog skeletons
  A human skeleton (Crypt:3)
  7 iguanas
  2 iron imps (Depths:4)
  7 hell rats (Lair:6)
  38 orc wizards
  2 spectral swamp drakes (Swamp:5)
  A porcupine skeleton (Crypt:2)
  15 sheep
  6 ogre zombies
  A hound zombie (D:5)
  A naga skeleton (Crypt:3)
  4 mummies
  32 gnolls
  A swamp drake zombie (Swamp:5)
  3 worker ant zombies
  30 adders
  5 shadow imps
  A removed MONS_GIANT_MITE (D:3)
  2 white imps
  62 river rats
  21 worms
  2 giant eyeballs (Depths:1)
  4 ufetubi
  A halfling skeleton (Crypt:1)
  5 oozes
  209 orcs
  5 ball pythons
  11 bats
  2 bat zombies
  2 giant cockroaches
  18 goblins
  17 hobgoblins
  30 jackals
  18 kobolds
  8 giant geckos
  6 giant newts
  A giant spore (D:12)
  A goblin skeleton (D:9)
  3 goblin zombies (D:9)
  2 hobgoblin skeletons (D:9)
  A hobgoblin zombie (D:9)
  A jackal skeleton (D:4)
  2 orc skeletons (D:9)
  18 orc zombies
  9 quokkas
  A quokka skeleton (D:5)
  16 rats
  16 ballistomycetes
  4 briar patches
  6 crawling corpses
  A fungus (Lair:8)
  8 plants
2929 creatures vanquished.

Vanquished Creatures (collateral kills)
  A deep elf blademaster (Elf:2)
  2 reapers (Crypt:3)
  A vault guard (Vaults:5)
  2 dancing weapons (Elf:2)
  2 naga sharpshooters (Snake:5)
  A deep elf knight (Elf:2)
  An ironbrand convoker (Vaults:2)
  2 salamanders (Snake:5)
  Joseph (Orc:1)
  A deep elf fighter (Elf:2)
  A warg (Orc:1)
  2 nagas (Snake:5)
  An ogre (Vaults:2)
18 creatures vanquished.

Vanquished Creatures (others)
  An ancient lich (Crypt:3)
  An eldritch tentacle (Crypt:3)
  A shadow dragon (Vaults:5)
  A draconian scorcher (Zot:1)
  A deep elf high priest (Elf:3)
  A deep troll shaman (Vaults:5)
  A two-headed ogre (Vaults:2)
  A trapdoor spider (D:14)
  A redback (Depths:5)
  A jelly (D:12)
  A gnoll (D:14)
  An orc (Orc:4)
  3 giant spores
  A ballistomycete (D:13)
  A crawling corpse (Vaults:5)
  58 eldritch tentacle segments (Crypt:3)
  A fungus (Lair:7)
  8 lost souls
  17 plants
101 creatures vanquished.

Grand Total: 3048 creatures vanquished

Notes
Turn   | Place    | Note
--------------------------------------------------------------
     0 | D:1      | Maka, the Gargoyle Berserker, began the quest for the Orb.
     0 | D:1      | Reached XP level 1. HP: 14/14 MP: 1/1
   370 | D:1      | Reached XP level 2. HP: 16/19 MP: 2/2
   448 | D:1      | Acquired Trog's second power
   484 | D:1      | Reached skill level 4 in Maces & Flails
   509 | D:1      | Reached XP level 3. HP: 15/23 MP: 3/3
   999 | D:2      | Reached XP level 4. HP: 20/28 MP: 4/4
  1050 | D:2      | Reached skill level 5 in Maces & Flails
  1158 | D:2      | Upgraded the game from 0.16-a0-3606-g1520cdc to 0.16-a0-3712-g87ae24a
  1796 | D:3      | Reached XP level 5. HP: 32/32 MP: 5/5
  1919 | D:3      | Found a glowing drain.
  1923 | Sewer    | Entered a sewer
  1945 | Sewer    | Reached skill level 6 in Maces & Flails
  1949 | Sewer    | Acquired Trog's third power
  2031 | Sewer    | Noticed a crocodile
  2053 | Sewer    | Killed a crocodile
  2053 | Sewer    | Reached XP level 6. HP: 21/37 MP: 6/6
  2507 | D:4      | Found a basalt altar of Yredelemnul.
  2592 | D:4      | Found a radiant altar of Vehumet.
  2679 | D:4      | Found a shadowy altar of Dithmenos.
  2730 | D:4      | Reached skill level 7 in Maces & Flails
  2730 | D:4      | Reached XP level 7. HP: 16/41 MP: 7/7
  2975 | D:4      | Found a blossoming altar of Fedhas.
  3052 | D:4      | Found a staircase to the Ecumenical Temple.
  3138 | D:5      | Entered Level 5 of the Dungeon
  3138 | D:5      | Found a burning altar of Makhleb.
  3222 | D:5      | Reached skill level 8 in Maces & Flails
  3638 | D:5      | Reached XP level 8. HP: 46/46 MP: 8/8
  3774 | D:5      | Reached skill level 5 in Armour
  4048 | D:6      | Found Klias' Distillery.
  4066 | D:6      | Bought a potion of might for 48 gold pieces
  4066 | D:6      | Bought a potion of curing for 36 gold pieces
  4066 | D:6      | Bought a potion of agility for 48 gold pieces
  4126 | D:6      | Noticed haldagan's ghost (experienced OpFi)
  4149 | D:6      | Killed haldagan's ghost
  4270 | D:6      | Found Fosainass' Book Shop.
  4300 | D:6      | Reached skill level 9 in Maces & Flails
  4300 | D:6      | Reached XP level 9. HP: 46/51 MP: 9/9
  4333 | D:6      | Found Cisaug's Weapon Shop.
  4379 | D:6      | Found Pogenonwoxoa's Magic Scroll Boutique.
  4409 | D:6      | Bought a scroll of blinking for 105 gold pieces
  4414 | D:6      | Found Tinoq's Food Emporium.
  4936 | D:7      | Reached skill level 10 in Maces & Flails
  4978 | D:7      | Reached skill level 5 in Fighting
  5367 | D:7      | Reached XP level 10. HP: 41/64 MP: 10/10
  5571 | D:7      | Upgraded the game from 0.16-a0-3712-g87ae24a to 0.16-a0-3962-g290d66c
  6413 | D:8      | Reached skill level 11 in Maces & Flails
  6677 | D:8      | Received a gift from Trog
  6820 | D:8      | Found a shimmering altar of Xom.
  7466 | D:8      | Found an ancient bone altar of Kikubaaqudgha.
  7610 | D:8      | Reached skill level 12 in Maces & Flails
  7970 | D:8      | Reached XP level 11. HP: 67/71 MP: 11/11
  8254 | D:9      | Found Ruzouwie's Distillery.
  8288 | D:9      | Bought 2 potions of degeneration for 22 gold pieces
  8291 | D:9      | Bought a potion of curing for 33 gold pieces
  8320 | D:9      | Found a deep blue altar of Sif Muna.
  8366 | D:9      | Found Pliezism's Antique Armour Emporium.
  8385 | D:9      | Found a staircase to the Orcish Mines.
  8438 | D:9      | Reached skill level 13 in Maces & Flails
  8643 | D:9      | Found Usiu's Weapon Shoppe.
  8945 | D:9      | Received a gift from Trog
  9035 | D:9      | Found Foyq's Antique Armour Shop.
  9133 | Orc:1    | Entered Level 1 of the Orcish Mines
  9297 | D:9      | Bought a pair of runed gloves for 130 gold pieces
  9589 | Orc:1    | Noticed Joseph
  9638 | Orc:1    | Killed Joseph
  9827 | D:9      | Bought a pair of glowing boots for 108 gold pieces
  9920 | D:10     | Entered Level 10 of the Dungeon
 10391 | D:10     | Noticed a hill giant
 10401 | D:10     | Killed a hill giant
 10401 | D:10     | Reached skill level 14 in Maces & Flails
 11174 | D:11     | Noticed a yaktaur captain
 11174 | D:11     | Noticed a fire giant
 11398 | D:11     | Reached skill level 10 in Fighting
 11502 | D:11     | Noticed a tengu warrior
 11524 | D:11     | Killed a tengu warrior
 11715 | D:11     | Reached XP level 12. HP: 66/77 MP: 12/12
 11878 | D:11     | Reached skill level 10 in Armour
 12355 | D:11     | Found a staircase to the Lair.
 12372 | D:11     | Received a gift from Trog
 12378 | D:11     | Identified a scroll of acquirement
 12437 | Lair:1   | Entered Level 1 of the Lair of Beasts
 12916 | D:9      | Bought a heavily runed cloak for 228 gold pieces
 12926 | D:9      | Identified the +2 cloak of Fortification {Dex+3} (You bought it in a shop on level 9 of the Dungeon)
 13567 | Lair:2   | Found a labyrinth entrance.
 13577 | Lab      | Entered a labyrinth
 13883 | Lab      | Noticed a minotaur
 13893 | Lab      | Killed a minotaur
 13893 | Lab      | Received a gift from Trog
 13903 | Lab      | Got a topaz-encrusted scale mail
 13924 | Lab      | Identified the +4 scale mail of Posuenocu {rPois+} (You found it in a labyrinth)
 14037 | Lair:2   | Noticed a six-headed hydra
 14050 | Lair:2   | Killed a six-headed hydra
 14390 | Lair:2   | Noticed a six-headed hydra
 14399 | Lair:2   | Killed a six-headed hydra
 14457 | Lair:2   | Reached XP level 13. HP: 84/84 MP: 13/13
 14536 | Lair:3   | Received a gift from Trog
 15059 | Lair:4   | Found a burning altar of Makhleb.
 15307 | Lair:4   | Received a gift from Trog
 16158 | Lair:5   | Received a gift from Trog
 16275 | Lair:5   | Upgraded the game from 0.16-a0-3962-g290d66c to 0.17-a0-83-g894156c
 16378 | Lair:5   | Reached skill level 15 in Armour
 16393 | Lair:5   | Found a staircase to the Swamp.
 16470 | Lair:5   | Found a staircase to the Snake Pit.
 16683 | Lair:6   | Received a gift from Trog
 16859 | Lair:6   | Received a gift from Trog
 17186 | Lair:6   | Reached skill level 16 in Armour
 17413 | Lair:7   | Gained mutation: Your large and strong wings let you fly indefinitely. [gargoyle growth]
 17413 | Lair:7   | Reached XP level 14. HP: 92/92 MP: 14/14
 17469 | Lair:7   | Received a gift from Trog
 17656 | Lair:7   | Found a dark tunnel.
 17674 | Volcano  | Entered a volcano
 17749 | Lair:7   | Received a gift from Trog
 17782 | Lair:7   | Reached skill level 17 in Armour
 17819 | Lair:7   | Found a staircase to the Slime Pits.
 18316 | Lair:7   | Got a heavily runed iron amulet
 18406 | Lair:8   | Entered Level 8 of the Lair of Beasts
 18529 | Lair:8   | Reached skill level 18 in Armour
 18805 | Lair:8   | Upgraded the game from 0.17-a0-83-g894156c to 0.17-a0-346-g4a5ca9a
 18882 | Lair:8   | Found a runed door.
 18893 | Lair:8   | Received a gift from Trog
 19251 | Lair:8   | Received a gift from Trog
 20157 | D:11     | Killed a fire giant
 20157 | D:11     | Reached XP level 15. HP: 100/100 MP: 15/15
 20208 | D:11     | Killed a yaktaur captain
 20208 | D:11     | Received a gift from Trog
 20312 | D:11     | Identified the amulet of the Invisible Hand {+Rage rPois Str-5 Int+2 SInv} (You found it on level 7 of the Lair of Beasts)
 20579 | D:12     | Found a shimmering altar of Xom.
 20680 | D:12     | Found Cuigomim's Magic Scroll Shop.
 20683 | D:12     | Bought a scroll of blinking for 105 gold pieces
 20683 | D:12     | Bought a scroll of acquirement for 728 gold pieces
 21240 | D:13     | Received a gift from Trog
 21480 | D:13     | Reached skill level 15 in Fighting
 22000 | D:14     | Found a flagged portal.
 22042 | Bailey   | Entered a bailey
 22054 | Bailey   | Received a gift from Trog
 22687 | D:14     | Received a gift from Trog
 22806 | D:14     | Noticed Roxanne
 23247 | D:14     | Found a gate to the Vaults.
 23506 | D:15     | Entered Level 15 of the Dungeon
 23728 | D:15     | Noticed Kirke
 23757 | D:15     | Killed Kirke
 24059 | D:15     | Noticed Azrael
 24068 | D:15     | Reached skill level 15 in Maces & Flails
 24110 | D:15     | Killed Azrael
 24323 | D:15     | Reached XP level 16. HP: 101/110 MP: 16/16
 24329 | D:15     | Reached XP level 17. HP: 106/115 MP: 17/17
 24331 | D:15     | Found a staircase to the Depths.
 24713 | D:15     | Received a gift from Trog
 24910 | Orc:2    | Noticed Snorg
 24921 | Orc:2    | Killed Snorg
 25049 | Orc:2    | Noticed Fannar
 25172 | Orc:2    | Killed Fannar
 25566 | Orc:3    | Received a gift from Trog
 25577 | Orc:3    | Got a steaming dire flail {god gift}
 25578 | Orc:3    | Identified the +7 dire flail of Sozydi {speed, rPois} (Trog gifted it to you on level 3 of the Orcish Mines)
 25768 | Orc:3    | Found a staircase to the Elven Halls.
 25898 | Orc:4    | Entered Level 4 of the Orcish Mines
 26018 | Orc:4    | Received a gift from Trog
 26124 | Orc:4    | Reached skill level 5 in Dodging
 26154 | Orc:4    | Found Gixtax's General Store.
 26470 | Orc:4    | Bought a scroll of identify for 26 gold pieces
 26488 | Orc:4    | Found Liplakle's Antique Weapon Shoppe.
 26557 | Orc:4    | Found Vauleck's Antique Armour Shop.
 26731 | Orc:3    | Received a gift from Trog
 27051 | Orc:4    | Found Inir Hoa's Book Emporium.
 27560 | Swamp:1  | Entered Level 1 of the Swamp
 27628 | Swamp:1  | Received a gift from Trog
 28947 | Swamp:3  | Noticed Aizul
 28953 | Swamp:3  | Noticed BluebellGnoll's ghost (powerful SpEn)
 28969 | Swamp:3  | Killed BluebellGnoll's ghost
 28994 | Swamp:3  | Killed Aizul
 29062 | Swamp:3  | Received a gift from Trog
 30068 | Swamp:4  | Noticed Mara
 30074 | Swamp:4  | Noticed Maka's illusion
 30147 | Swamp:5  | Entered Level 5 of the Swamp
 30340 | Swamp:5  | Reached XP level 18. HP: 123/123 MP: 18/18
 30768 | Swamp:5  | Noticed a bone dragon
 30823 | Swamp:5  | Killed a bone dragon
 30958 | Swamp:5  | Got a decaying rune of Zot
 31689 | Snake:1  | Entered Level 1 of the Snake Pit
 31983 | Snake:1  | Received a gift from Trog
 32120 | Snake:1  | Received a gift from Trog
 32459 | Snake:2  | Noticed Louise
 32481 | Snake:2  | Killed Louise
 33351 | Snake:3  | Received a gift from Trog
 33555 | Snake:4  | Reached skill level 19 in Armour
 33820 | Snake:4  | Found Ycoot's Gadget Shop.
 33968 | Snake:4  | Reached XP level 19. HP: 124/130 MP: 19/19
 33973 | Snake:4  | Received a gift from Trog
 34118 | Snake:4  | Noticed Jorgrun
 34149 | Snake:4  | Killed Jorgrun
 34163 | Snake:4  | Reached skill level 20 in Armour
 34179 | Snake:4  | Got a pair of pitted gloves
 34194 | Snake:3  | Identified the +1 pair of gloves of the Boiling Point {Regen+ Dex+3} (You found it on level 4 of the Snake Pit)
 34291 | Snake:5  | Entered Level 5 of the Snake Pit
 34305 | Snake:5  | Found an ancient bone altar of Kikubaaqudgha.
 34725 | Snake:5  | Received a gift from Trog
 35179 | Snake:5  | Reached skill level 21 in Armour
 35229 | Snake:5  | Noticed Vashnia
 35320 | Snake:5  | Killed Vashnia
 35349 | Snake:5  | Received a gift from Trog
 35382 | Snake:5  | Got a smoking dire flail {god gift}
 35477 | Snake:5  | Got a serpentine rune of Zot
 35478 | Snake:5  | Identified the +3 dire flail of Dodu {elec, Int+6} (Trog gifted it to you on level 5 of the Snake Pit)
 35832 | Vaults:1 | Entered Level 1 of the Vaults
 36264 | Vaults:1 | Cast into the Abyss (a deep elf demonologist)
 36469 | Abyss:1  | Paralysed by accursed screaming for 2 turns
 36472 | Vaults:1 | Escaped the Abyss
 36492 | Vaults:1 | Received a gift from Trog
 36809 | Vaults:1 | Reached XP level 20. HP: 102/140 MP: 20/20
 37565 | Vaults:1 | Received a gift from Trog
 38041 | Vaults:2 | Found Kekhuh's Weapon Shop.
 38086 | Vaults:2 | Found Adiucvao's Jewellery Emporium.
 38248 | Vaults:2 | Reached skill level 22 in Armour
 38407 | Vaults:2 | Received a gift from Trog
 38603 | Vaults:2 | Found Maczus' Distillery.
 38611 | Vaults:2 | Bought a potion of heal wounds for 75 gold pieces
 38611 | Vaults:2 | Bought a potion of heal wounds for 75 gold pieces
 38803 | Vaults:2 | Found a staircase to the Crypt.
 38803 | Vaults:2 | Found an ancient bone altar of Kikubaaqudgha.
 38803 | Vaults:2 | Found a basalt altar of Yredelemnul.
 39047 | Vaults:2 | Found Ystreff's Jewellery Boutique.
 39054 | Vaults:2 | Bought an uncursed ring of protection from cold for 350 gold pieces
 39069 | Vaults:2 | Bought an uncursed ring of see invisible for 210 gold pieces
 39069 | Vaults:2 | Bought an uncursed amulet of guardian spirit for 420 gold pieces
 39501 | Vaults:3 | Found Orixka's Food Boutique.
 39972 | Vaults:3 | Reached skill level 23 in Armour
 39976 | Vaults:3 | Received a gift from Trog
 40563 | Vaults:3 | Upgraded the game from 0.17-a0-346-g4a5ca9a to 0.17-a0-1976-g482a304
 40603 | Vaults:3 | Reached XP level 21. HP: 146/146 MP: 21/21
 41269 | Vaults:3 | Received a gift from Trog
 41502 | Vaults:4 | Reached skill level 24 in Armour
 41926 | Vaults:4 | Received a gift from Trog
 42643 | Vaults:4 | Received a gift from Trog
 42852 | Vaults:4 | Reached skill level 25 in Armour
 42994 | Vaults:4 | Found Vuafur's Jewellery Shop.
 43505 | Depths:1 | Entered Level 1 of the Depths
 43718 | Depths:1 | Paralysed by a giant eyeball for 2 turns
 43731 | Depths:1 | Paralysed by a giant eyeball for 3 turns
 43741 | Depths:1 | Paralysed by a giant eyeball for 3 turns
 43830 | Depths:1 | Paralysed by a giant eyeball for 2 turns
 44056 | Depths:1 | Received a gift from Trog
 44197 | Depths:1 | Reached XP level 22. HP: 152/152 MP: 22/22
 44597 | Depths:1 | Found a gateway to Hell.
 44847 | Depths:1 | Found an iron altar of Okawaru.
 45356 | Depths:1 | Reached skill level 26 in Armour
 45436 | Depths:1 | Received a gift from Trog
 45581 | Depths:2 | Noticed SkyBlueFox's ghost (experienced TeCj)
 46085 | Depths:2 | Cast into the Abyss (an ogre mage)
 46228 | Abyss:1  | Reached skill level 10 in Dodging
 46358 | Depths:2 | Escaped the Abyss
 46602 | Depths:2 | Received a gift from Trog
 46737 | Depths:2 | Killed SkyBlueFox's ghost
 46815 | Depths:2 | Found a one-way gate leading to the halls of Pandemonium.
 48063 | Depths:4 | Reached XP level 23. HP: 76/156 MP: 23/23
 48073 | Depths:4 | Received a gift from Trog
 49531 | Depths:4 | Found a gateway to a ziggurat.
 49762 | Depths:4 | Found a one-way gate to the infinite horrors of the Abyss.
 49816 | Depths:5 | Entered Level 5 of the Depths
 49875 | Depths:5 | Received a gift from Trog
 50509 | Depths:5 | Reached XP level 24. HP: 169/169 MP: 23/23
 50567 | Depths:5 | Received a gift from Trog
 50931 | Depths:5 | Found a gate to the Realm of Zot.
 51529 | Vaults:4 | Bought the ring of the Meadowlark {rPois rN+ MR+++ Int+3 Stlth+} for 586 gold pieces
 51642 | Crypt:1  | Entered Level 1 of the Crypt
 52776 | Crypt:2  | Received a gift from Trog
 52778 | Crypt:2  | Got a shimmering cloak
 52779 | Crypt:2  | Identified the +0 cloak of Xehiw {+Blink Str+2} (You found it on level 2 of the Crypt)
 53206 | Crypt:3  | Entered Level 3 of the Crypt
 53265 | Crypt:3  | Got a glittering ivory ring
 53279 | Crypt:3  | Identified the ring "Keitwut" {rElec MR- Dex+4 SInv} (You found it on level 3 of the Crypt)
 53484 | Crypt:3  | Found a staircase to the Tomb.
 53484 | Crypt:3  | Noticed a greater mummy
 53528 | Crypt:3  | Killed a greater mummy
 54276 | Crypt:3  | Found an ancient bone altar of Kikubaaqudgha.
 54390 | Crypt:3  | Reached XP level 25. HP: 176/176 MP: 23/23
 54563 | Crypt:3  | Noticed an ancient lich
 54563 | Crypt:3  | Noticed an ancient lich
 54595 | Crypt:3  | Killed an ancient lich
 54610 | Crypt:3  | HP: 5/176 [ancient lich/crystal spear (25)]
 54622 | Crypt:3  | Killed an ancient lich
 54901 | Crypt:3  | Got a crude ring mail
 54902 | Crypt:3  | Identified the +5 ring mail "Kiack" {rC- rN++ Str+4 Int+2} (You found it on level 3 of the Crypt)
 55422 | Vaults:5 | Entered Level 5 of the Vaults
 55464 | Vaults:4 | Received a gift from Trog
 55480 | Vaults:4 | Reached skill level 27 in Armour
 56210 | Vaults:5 | Received a gift from Trog
 56240 | Vaults:5 | Got a silver rune of Zot
 56694 | Vaults:5 | Reached XP level 26. HP: 180/188 MP: 23/23
 56950 | Vaults:5 | Received a gift from Trog
 57255 | Vaults:5 | Got a heavily runed amber ring
 57260 | Vaults:5 | Identified the cursed ring of Noon {AC-3 Str+2} (You found it on level 5 of the Vaults)
 58529 | Elf:1    | Entered Level 1 of the Elven Halls
 58998 | Elf:1    | Received a gift from Trog
 59583 | Elf:2    | Found Gaitieph's Antique Weapon Boutique.
 59643 | Elf:2    | Found Vipuch's Assorted Antiques.
 59650 | Elf:2    | Bought a scroll of identify for 50 gold pieces
 59650 | Elf:2    | Bought a scroll of identify for 50 gold pieces
 59650 | Elf:2    | Bought a potion of curing for 75 gold pieces
 59650 | Elf:2    | Bought a twisted glass ring for 125 gold pieces
 59667 | Elf:2    | Found Gull's Jewellery Shoppe.
 59671 | Elf:2    | Bought a cursed amulet of inaccuracy for 42 gold pieces
 59690 | Elf:2    | Found Weecup's Magic Scroll Shop.
 59714 | Elf:2    | Bought a scroll of fog for 24 gold pieces
 59714 | Elf:2    | Bought a scroll of acquirement for 624 gold pieces
 59714 | Elf:2    | Bought a scroll of enchant weapon for 90 gold pieces
 59714 | Elf:2    | Bought a scroll of identify for 24 gold pieces
 59714 | Elf:2    | Bought a scroll of magic mapping for 42 gold pieces
 59979 | Elf:2    | Found a runed gate.
 59979 | Elf:2    | Found a runed gate.
 59979 | Elf:2    | Found a runed gate.
 60229 | Elf:2    | Received a gift from Trog
 60373 | Elf:2    | Found Ruxucecu's Jewellery Emporium.
 60493 | Elf:3    | Entered Level 3 of the Elven Halls
 60762 | Elf:3    | Reached XP level 27. HP: 196/196 MP: 23/23
 60934 | Elf:3    | Received a gift from Trog
 61244 | Elf:3    | Identified a +3 rod of ignition (10/10) (You found it on level 3 of the Elven Halls)
 61245 | Elf:3    | Identified a +8 rod of the swarm (9/9) (You found it on level 3 of the Elven Halls)
 61781 | D:6      | Bought a scroll of teleportation for 42 gold pieces
 61781 | D:6      | Bought a scroll of identify for 28 gold pieces
 61781 | D:6      | Bought a scroll of remove curse for 42 gold pieces
 61781 | D:6      | Bought a scroll of recharging for 133 gold pieces
 61781 | D:6      | Bought a scroll of teleportation for 42 gold pieces
 61781 | D:6      | Bought a scroll of teleportation for 42 gold pieces
 61781 | D:6      | Bought a scroll of blinking for 105 gold pieces
 61781 | D:6      | Bought a scroll of teleportation for 42 gold pieces
 61781 | D:6      | Bought a scroll of teleportation for 42 gold pieces
 61781 | D:6      | Bought a scroll of enchant armour for 105 gold pieces
 61798 | D:6      | Bought a potion of curing for 36 gold pieces
 61958 | D:12     | Bought a scroll of teleportation for 42 gold pieces
 61958 | D:12     | Bought a scroll of remove curse for 42 gold pieces
 61958 | D:12     | Bought a scroll of teleportation for 42 gold pieces
 61958 | D:12     | Bought a scroll of enchant armour for 105 gold pieces
 61958 | D:12     | Bought a scroll of enchant weapon for 105 gold pieces
 61958 | D:12     | Bought a scroll of identify for 28 gold pieces
 62297 | Depths:3 | Received a gift from Trog
 62436 | Zot:1    | Entered Level 1 of the Realm of Zot
 62450 | Depths:5 | Reached skill level 27 in Fighting
 63556 | Zot:1    | Reached skill level 15 in Dodging
 63781 | Zot:2    | Received a gift from Trog
 63861 | Zot:2    | Noticed an orb of fire
 63883 | Zot:2    | Killed an orb of fire
 64000 | Zot:2    | Noticed an orb of fire
 64016 | Zot:2    | Killed an orb of fire
 64157 | Zot:2    | Got a faintly humming buckler
 64158 | Zot:2    | Identified the +3 buckler of Broken Taboos {rElec Str+2 Stlth+} (You acquired it on level 2 of the Realm of Zot)
 64792 | Zot:4    | Noticed an orb of fire
 64802 | Zot:4    | Gained mutation: You expend magic power (3 MP) to strengthen your wands. [an orb of fire]
 64808 | Zot:4    | Gained mutation: Scrolls take you a little longer to read. [an orb of fire]
 64822 | Zot:4    | Killed an orb of fire
 64833 | Zot:4    | Starved to death

Vault maps used:
D:1:      lemuel_arrival_hallway, kennysheep_small_spiral
D:3:      gup_sewer_entry_spiral
D:4:      fedhas_altar_1, old_standard_altar, lemuel_doored_altar,
          minmay_temple_entry_junction2, serial_forest,
          infiniplex_forest_lined_2, infiniplex_forest_straight_2,
          infiniplex_forest_zigzag_1, infiniplex_forest_clump_small,
          infiniplex_forest_lined_4_way, infiniplex_forest_clump_tiny,
          infiniplex_forest_clump_small,
          nicolae_dithmenos_through_a_glass_darkly
D:5:      overflow_temple_1_default, first_bread
D:6:      serial_shops, nicolae_shop_stone, shop, kennysheep_little_box, shop,
          shop, roderic_bali_sauvastika
D:7:      erik_1, grunt_livestock, kennysheep_generic_room_2
D:8:      lemuel_mausoleum_altar_kikubaaqudgha, kennysheep_mini_moat,
          serial_undead, serial_undead_a, serial_undead_d, serial_undead_f,
          serial_undead_b
D:9:      lemuel_crystal_altar, zombieorc2_lemuel, serial_shops,
          nicolae_shop_statue_plus, shop, shop, shop
D:11:     minmay_diamond_stairs, david_lair_shrubbed
D:12:     serial_shops, nicolae_shop_behind_doors, tgw_xom
D:13:     hangedman_decor_lopped, spider_trap
D:14:     david_vaults_2, enter_bailey_3, uniq_roxanne
D:15:     grunt_enter_depths_snipers, uniq_azrael, uniq_kirke
Lair:1:   lemuel_fruit_tree
Lair:2:   lab_entry_generic
Lair:3:   baited_tele_trap, grunt_megastairs_2, infiniplex_staircase_pool
Lair:4:   basic_altar, forest_entry_grove
Lair:5:   nicolae_swamp_entry_splash_gauntlet, minmay_snake_entry_six_corridors,
          minmay_holes
Lair:7:   nicolae_slime_entry_slimehenge, nicolae_volcano_entry_hallway,
          eino_small_chamber_without_monster, st_stairs_13,
          minmay_lindwurm_lava, serial_bayou_shore_b
Lair:8:   guppyfry_lair_end_dragon, wormcave, lemuel_fruit_fields
Swamp:1:  evilmike_swamp_ruin_house_3, swamp_pool3,
          nicolae_swamp_hydra_murder_den
Swamp:2:  nicolae_swamp_round_clearing, swamp_pool2
Swamp:3:  evilmike_swamp_ruin_house_5, lightli_tree_ring, uniq_aizul
Swamp:4:  evilmike_swamp_ruin_house_4, uniq_mara
Swamp:5:  swamp_pestilence, swamp_pool1
Snake:2:  grunt_ministairs_11, spider_trap, nrook_guardian_serpent_double,
          uniq_louise
Snake:4:  serial_shops, shop, st_stairs_11, uniq_jorgrun
Snake:5:  minmay_snake_end_coiled, basic_altar, st_stairs_8, stair_cage_line,
          uniq_norris, uniq_vashnia
Orc:1:    nicolae_orc_crystal_geode, uniq_joseph
Orc:2:    rock_pile, uniq_snorg, uniq_fannar
Orc:3:    nicolae_orc_pool_cavern
Orc:4:    grunt_orc_gardens, grunt_orc_garden, grunt_orc_garden,
          grunt_orc_garden, grunt_orc_garden, nooodl_orcs_dogs
Elf:1:    minmay_elf_arrival_circle, minmay_elf_crystal_heptagon, st_stairs_14
Elf:2:    serial_shops, shop_coins, shop, nicolae_shop_stone,
          nicolae_shop_stone, shop
Elf:3:    minmay_elf_hall_circle
Vaults:1: grunt_vaults_focal, hangedman_vaults_pinch, v_misc_14,
          grunt_vaults_swirl, nicolae_vaults_display_case, vaults_dpeg_diagonal,
          vaults_room_large_hall, nicolae_vaults_little_squares_3,
          vaults_dpeg_hooks, ontoclasm_vaults_spin
Vaults:2: minmay_crypt_entry_necro_gods, hangedman_vaults_river_flow, v_misc_30,
          vaults_mumra_hexcomb, nicolae_vaults_triangles,
          vaults_dpeg_encased_lava, v_misc_2, v_misc_25, serial_shops,
          nicolae_shop_waterfront, nicolae_shop_stone, nicolae_shop_trees, shop
Vaults:3: vaults_room_corners, v_misc_24, st_squares, vaults_mumra_chevron_long,
          nicolae_vaults_windows_and_doors_thing,
          nicolae_vaults_yaktaur_gun_rack, hangedman_vaults_cutoff,
          hangedman_vaults_corner, v_misc_27, v_misc_17, serial_shops, shop,
          uniq_mennas
Vaults:4: grunt_vaults_funnel, v_alt_pattern_4, nicolae_vaults_murderbox,
          v_pattern_2, hangedman_vaults_stitches, hangedman_vaults_hat,
          v_misc_27, nicolae_vaults_big_ls, nicolae_vaults_angled_halls,
          nicolae_vaults_little_ls, vaults_dpeg_doors, vaults_mumra_chevron,
          vaults_room_grid, nicolae_vaults_rhombus_7, v_misc_17, serial_shops,
          shop
Vaults:5: serial_shops
Crypt:1:  grunt_crypt_arrival_webbed
Crypt:3:  evilmike_haunted_forest
Depths:1: hangedman_surveillance_ring, serial_co_window_serial,
          co_window_corner_a, co_window_of_opportunity_a, co_window_paths_a,
          co_window_paths_a, co_window_paths_a, co_window_corner_a,
          co_window_of_opportunity_a, co_window_of_opportunity_c,
          co_window_of_opportunity_b, glass_columns_b, glass_columns_b,
          pf_hell_entry_tar_spiral, okawaru_ov_weapons_minmay
Depths:2: minmay_open_boxes_in_corner, rand_demon_pan_entry_8, hell_entry,
          hangedman_decor_growths, infiniplex_staircase_river
Depths:3: nrook_guardian_serpent_snake_passage, rand_demon_pan_entry_5,
          grunt_hell_entry_dis_grunt, minivault_10
Depths:4: minmay_skeleton_keep, enter_ziggurat_c, grunt_pan_entry_in_and_out,
          abyss_entry_small_statue_room, infiniplex_enter_wizlab_spiral,
          hell_entry, serial_bayou_ford_a, minmay_misc_feat_cross, st_stairs_11
Depths:5: evilmike_zot_entry_round, hex_medium, pf_vacation_house_of_asmodeus
Zot:1:    st_stairs_14, grunt_megastairs_3
Zot:2:    hangedman_zot_vaults_quadrants, grunt_ministairs_10, st_stairs_6
Zot:3:    grunt_zot_stairs_overgrown, lemuel_elevator
Zot:4:    zot_minivault_1
Lab:      nicolae_lab_swirl, labyrinth_skeletal_remains
Sewer:    sewer_the_crocodile
Bailey:   bailey_polearm_5, bailey
Volcano:  volcano_caves

Action                   |  1- 3 |  4- 6 |  7- 9 | 10-12 | 13-15 | 16-18 | 19-21 | 22-24 | 25-27 || total
-------------------------+-------+-------+-------+-------+-------+-------+-------+-------+-------++-------
Melee: Mace              |    98 |   222 |   165 |       |       |       |       |       |       ||   485
       Flail             |       |       |   323 |  1224 |       |       |       |       |       ||  1547
       Dire flail        |       |       |       |   129 |  2082 |  1888 |  2654 |  3639 |  1395 || 11787
       Great mace        |       |       |       |       |     4 |   155 |       |       |  1320 ||  1479
Throw: Tomahawk          |       |       |     7 |     3 |       |       |       |       |       ||    10
Invok: Berserk           |     1 |     2 |     4 |       |     4 |     5 |       |     1 |       ||    17
       Trog's Hand       |       |     1 |     6 |     5 |     5 |    12 |     9 |     2 |     9 ||    49
       Brothers in Arms  |       |       |       |     1 |       |       |     2 |       |     3 ||     6
       Burn Spellbooks   |       |       |       |       |     4 |     3 |     1 |     2 |     4 ||    14
 Abil: Fly               |       |       |       |       |     1 |     2 |       |     1 |     1 ||     5
       Stop Flying       |       |       |       |       |       |       |       |     1 |     1 ||     2
Evoke: Wand              |       |       |       |       |       |     1 |     3 |     3 |     1 ||     8
  Use: Scroll            |       |    11 |     3 |    21 |    14 |     4 |     4 |    11 |    29 ||    97
       Potion            |       |       |       |       |     2 |     1 |       |     1 |     4 ||     8
 Stab: Petrified         |       |       |       |       |       |       |       |     3 |       ||     3
  Eat: Chunk             |     1 |     4 |     5 |     3 |     2 |     4 |     9 |     3 |     4 ||    35
       Beef jerky        |       |     2 |     1 |     3 |     1 |     1 |     1 |       |     4 ||    13
       Meat ration       |       |       |     1 |     2 |     2 |     3 |     4 |     6 |     3 ||    21
       Bread ration      |       |       |     1 |       |     2 |     2 |     2 |     1 |     9 ||    17
       Pizza             |       |       |       |    10 |     1 |     3 |       |       |     2 ||    16
       Fruit             |       |       |       |     6 |    13 |     4 |       |     6 |     5 ||    34
       Royal jelly       |       |       |       |       |       |     1 |       |     1 |     3 ||     5
